SKY
PHILADELPHIA PHILLIES @ CINCINNATI REDS
05/19/2052
 
TOP OF THE 1ST
Philadelphia Phillies batting - Pitching for Cincinnati Reds : RHP Stu Tindall
Pitching: RHP Stu Tindall
Batting: RHB Liam Lyons 0-0: Swinging Strike
0-1: Ball
1-1: Ball
2-1: Ground out 4-3 (Groundball, 4, EV 83.1 MPH)
Batting: RHB Kyle Negulescu 0-0: Ball
1-0: SINGLE (Line Drive, 9S, EV 101.3 MPH)
Batting: RHB Marc Simms 0-0: Ball
1-0: Ball
2-0: Ball
3-0: Called Strike
3-1: Fly out, F7 (Flyball, 7LMF, EV 78.8 MPH)
Batting: RHB Josiah Mandel 0-0: Called Strike
0-1: Ball
1-1: Ball
2-1: Swinging Strike
2-2: Ball
Kyle Negulescu steals 2nd base
3-2: Ground out 5-3 (Groundball, 5S, EV 65.6 MPH)
Top of the 1st over - 0 runs, 1 hit, 0 errors, 1 left on base; Philadelphia 0 - Cincinnati 0
BOTTOM OF THE 1ST
Cincinnati Reds batting - Pitching for Philadelphia Phillies : RHP Jake Prendergast
Pitching: RHP Jake Prendergast
Batting: LHB Lloyd Crosier 0-0: SINGLE (Line Drive, 5D, EV 95.0 MPH)
Batting: RHB José Maria Andres 0-0: Called Strike
0-1: Ball
1-1: Ball
2-1: Foul Ball, location: 5F
2-2: Fielders Choice at 2nd, 6-4 (Groundball, 6, EV 97.5 MPH)
Batting: SHB D.J. Boucher 0-0: Ball
1-0: Called Strike
1-1: Foul Ball, location: 23F
1-2: Foul Ball, location: 2F
1-2: Strikes out looking
Batting: LHB Glen Kirkendall 0-0: Called Strike
José Maria Andres steals 2nd base
0-1: Ground out 5-3 (Groundball, 56, EV 98.1 MPH)
Bottom of the 1st over - 0 runs, 1 hit, 0 errors, 1 left on base; Philadelphia 0 - Cincinnati 0
TOP OF THE 2ND
Philadelphia Phillies batting - Pitching for Cincinnati Reds : RHP Stu Tindall
Batting: LHB Noah Powell 0-0: Foul Ball, location: 3DF
0-1: Swinging Strike
0-2: Ball
1-2: Ball
2-2: Ball
3-2: Foul Ball, location: 23F
3-2: Ground out 3-1 (Groundball, 34, EV 86.3 MPH)
Batting: RHB Ariel Fernández 0-0: Foul Ball, location: 5FF
0-1: Ball
1-1: Fly out, F8 (Flyball, 8LD, EV 92.5 MPH)
Batting: LHB Monte Baker 0-0: Ground out 4-3 (Groundball, 4, EV 101.3 MPH)
Top of the 2nd over - 0 runs, 0 hits, 0 errors, 0 left on base; Philadelphia 0 - Cincinnati 0
BOTTOM OF THE 2ND
Cincinnati Reds batting - Pitching for Philadelphia Phillies : RHP Jake Prendergast
Batting: RHB Ollie Millner 0-0: Foul Ball, location: 2F
0-1: Ball
1-1: Foul Ball, location: 9LMF
1-2: Strikes out swinging
Batting: RHB Pierre Johnson 0-0: Ball
1-0: Ball
2-0: Called Strike
2-1: Ball
3-1: Called Strike
3-2: Fly out, F8 (Flyball, 78D, EV 103.1 MPH)
Batting: RHB D.J. Alloway 0-0: Ball
1-0: Ball
2-0: Ball
3-0: Base on Balls
Batting: RHB Ethan Hicks 0-0: Ball
1-0: Fly out, F7 (Line Drive, 7S, EV 88.8 MPH)
Bottom of the 2nd over - 0 runs, 0 hits, 0 errors, 1 left on base; Philadelphia 0 - Cincinnati 0
TOP OF THE 3RD
Philadelphia Phillies batting - Pitching for Cincinnati Reds : RHP Stu Tindall
Batting: LHB George Copa 0-0: Ball
1-0: Ball
2-0: Ball
3-0: Called Strike
3-1: SINGLE (Line Drive, 6D, EV 109.4 MPH)
Batting: RHB Kayden Rainwater 0-0: Bunted foul
0-1: Sac Bunt to 23 - play at first, batter safe!
George Copa to second
Batting: RHB Liam Lyons 0-0: Sac Bunt to 13 - play at first, batter OUT! 1-3
George Copa to third
Kayden Rainwater to second
Batting: RHB Kyle Negulescu 0-0: Ball
1-0: Called Strike
1-1: SINGLE (Line Drive, 56D, EV 96.3 MPH)
George Copa scores
Kayden Rainwater to third
Runner from 3rd tries for Home, SAFE, throw by LF to home
Batting: RHB Marc Simms 0-0: Ball
1-0: Called Strike
Kyle Negulescu steals 2nd base
1-1: Swinging Strike
1-2: Foul Ball, location: 2F
1-2: Ball
2-2: Strikes out swinging
Batting: RHB Josiah Mandel 0-0: Foul Ball, location: 2F
0-1: Foul Ball, location: 3FF
0-2: Fly out, F8 (Flyball, 8LXD, EV 98.1 MPH)
Top of the 3rd over - 2 runs, 3 hits, 0 errors, 1 left on base; Philadelphia 2 - Cincinnati 0
BOTTOM OF THE 3RD
Cincinnati Reds batting - Pitching for Philadelphia Phillies : RHP Jake Prendergast
Batting: RHB Coty Cavett 0-0: Fly out, F8 (Flyball, 78M, EV 75.0 MPH)
Batting: LHB Lloyd Crosier 0-0: Called Strike
0-1: Ball
1-1: Swinging Strike
1-2: Strikes out swinging
Batting: RHB José Maria Andres 0-0: Ball
1-0: Called Strike
1-1: SOLO HOME RUN (Flyball, 78XD, EV 102.5 MPH), Distance : 390 ft
Batting: SHB D.J. Boucher 0-0: Ball
1-0: Ball
2-0: Ball
3-0: Base on Balls
Batting: LHB Glen Kirkendall 0-0: Ball
1-0: Swinging Strike
1-1: Ball
2-1: Foul Ball, location: 9LSF
2-2: 2-RUN HOME RUN (Flyball, 9LD, EV 91.3 MPH), Distance : 336 ft
Batting: RHB Ollie Millner 0-0: Called Strike
0-1: Ball
1-1: SINGLE (Line Drive, 89S, EV 105.6 MPH)
Batting: RHB Pierre Johnson 0-0: Ball
1-0: Called Strike
1-1: Ball
2-1: Foul Ball, location: 2F
2-2: Strikes out looking
Bottom of the 3rd over - 3 runs, 3 hits, 0 errors, 1 left on base; Philadelphia 2 - Cincinnati 3
TOP OF THE 4TH
Philadelphia Phillies batting - Pitching for Cincinnati Reds : RHP Stu Tindall
Batting: LHB Noah Powell 0-0: Foul Ball, location: 3F
0-1: Ball
1-1: Fly out, F7 (Line Drive, 7, EV 92.5 MPH)
Batting: RHB Ariel Fernández 0-0: Ball
1-0: Ball
2-0: Called Strike
2-1: Swinging Strike
2-2: Strikes out looking
Batting: LHB Monte Baker 0-0: Called Strike
0-1: Swinging Strike
0-2: Ball
1-2: Ball
2-2: Strikes out swinging
Top of the 4th over - 0 runs, 0 hits, 0 errors, 0 left on base; Philadelphia 2 - Cincinnati 3
BOTTOM OF THE 4TH
Cincinnati Reds batting - Pitching for Philadelphia Phillies : RHP Jake Prendergast
Batting: RHB D.J. Alloway 0-0: Ball
1-0: Ball
2-0: Swinging Strike
2-1: Called Strike
2-2: Fly out, F8 (Line Drive, 8LD, EV 96.3 MPH)
Batting: RHB Ethan Hicks 0-0: Ground out 6-3 (Groundball, 6, EV 98.8 MPH)
Batting: RHB Coty Cavett 0-0: SINGLE (Groundball, 34D, EV 98.8 MPH)
Batting: LHB Lloyd Crosier 0-0: Called Strike
0-1: Called Strike
0-2: Ball
1-2: Ball
2-2: Fielders Choice at 2nd, 5-4 (Groundball, 56, EV 101.9 MPH)
Bottom of the 4th over - 0 runs, 1 hit, 0 errors, 1 left on base; Philadelphia 2 - Cincinnati 3
TOP OF THE 5TH
Philadelphia Phillies batting - Pitching for Cincinnati Reds : RHP Stu Tindall
Batting: LHB George Copa 0-0: Called Strike
0-1: Foul Ball, location: 25FF
0-2: SINGLE (Flyball, 8RS, EV 93.1 MPH)
Batting: RHB Kayden Rainwater 0-0: Bunt missed!
0-1: Sac Bunt to 2R - play at first, batter OUT! 2-3
George Copa to second
Batting: RHB Liam Lyons 0-0: SINGLE (Groundball, 13, EV 62.5 MPH) (infield hit)
George Copa to third
Batting: RHB Kyle Negulescu 0-0: Ball
1-0: Ball
2-0: Called Strike
2-1: Called Strike
2-2: SINGLE (Groundball, 56, EV 89.4 MPH)
George Copa scores
Liam Lyons to second
Batting: RHB Marc Simms 0-0: Foul Ball, location: 3SF
0-1: Called Strike
0-2: Ball
1-2: Ball
2-2: Ball
3-2: Grounds into double play, 3-6-1 (Groundball, 34, EV 83.1 MPH)
Top of the 5th over - 1 run, 3 hits, 0 errors, 1 left on base; Philadelphia 3 - Cincinnati 3
BOTTOM OF THE 5TH
Cincinnati Reds batting - Pitching for Philadelphia Phillies : RHP Jake Prendergast
Batting: RHB José Maria Andres 0-0: SINGLE (Line Drive, 78S, EV 95.0 MPH)
Batting: SHB D.J. Boucher 0-0: Called Strike
José Maria Andres steals 2nd base
0-1: Ball
1-1: Ball
2-1: Ground out 4-3 (Groundball, 4, EV 88.8 MPH)
José Maria Andres to third
Batting: LHB Glen Kirkendall 0-0: Ball
1-0: Foul Ball, location: 7LDF
1-1: Foul Ball, location: 2F
1-2: 2-RUN HOME RUN (Flyball, 9D, EV 98.1 MPH), Distance : 411 ft
Pitching: LHP Sean White
Batting: RHB Ollie Millner 0-0: Swinging Strike
0-1: Swinging Strike
0-2: Foul Ball, location: 5DF
0-2: Foul Ball, location: 3F
0-2: SINGLE (Line Drive, 7LS, EV 105.0 MPH)
Batting: RHB Pierre Johnson 0-0: Swinging Strike
0-1: Called Strike
0-2: Strikes out swinging
Batting: RHB D.J. Alloway 0-0: Ball
1-0: Ball
2-0: Called Strike
2-1: Ball
3-1: Ground out 4-3 (Groundball, 34S, EV 80.0 MPH)
Bottom of the 5th over - 2 runs, 3 hits, 0 errors, 1 left on base; Philadelphia 3 - Cincinnati 5
TOP OF THE 6TH
Philadelphia Phillies batting - Pitching for Cincinnati Reds : RHP Stu Tindall
Batting: RHB Josiah Mandel 0-0: Called Strike
0-1: Foul Ball, location: 25F
0-2: Ball
1-2: Strikes out swinging
Batting: LHB Noah Powell 0-0: Ball
1-0: Foul Ball, location: 2F
1-1: Ball
2-1: Ball
3-1: Foul Ball, location: 2F
3-2: Foul Ball, location: 3FF
3-2: DOUBLE (Line Drive, 78M, EV 106.9 MPH)
Batting: RHB Ariel Fernández 0-0: Ball
1-0: SINGLE (Groundball, 4MD, EV 100.0 MPH)
Noah Powell to third
Runner from 3rd tries for Home, SAFE, throw by CF to home
Ariel Fernández to second
Batting: LHB Monte Baker 0-0: Swinging Strike
0-1: Foul Ball, location: 5F
0-2: Ball
1-2: Strikes out swinging
Batting: LHB George Copa 0-0: Ball
1-0: Ball
2-0: Ball
3-0: Called Strike
3-1: Foul Ball, location: 3DF
3-2: Strikes out swinging
Top of the 6th over - 1 run, 2 hits, 0 errors, 1 left on base; Philadelphia 4 - Cincinnati 5
BOTTOM OF THE 6TH
Cincinnati Reds batting - Pitching for Philadelphia Phillies : LHP Sean White
Batting: RHB Ethan Hicks 0-0: Foul Ball, location: 5DF
0-1: Ball
1-1: Fly out, F8 (Flyball, 8LXD, EV 108.1 MPH)
Batting: RHB Coty Cavett 0-0: Ball
1-0: SINGLE (Line Drive, 7S, EV 90.0 MPH)
Batting: LHB Lloyd Crosier 0-0: DOUBLE (Line Drive, 78D, EV 101.9 MPH)
Coty Cavett to third
Runner from 3rd tries for Home, SAFE, throw by CF to home
Pinch Runner at 2nd Austin Pula:
Batting: RHB José Maria Andres 0-0: Ball
1-0: Foul Ball, location: 2F
1-1: Called Strike
1-2: Foul Ball, location: 5FF
1-2: Strikes out swinging
Batting: SHB D.J. Boucher 0-0: Foul Ball, location: 3FF
0-1: Ball
1-1: Called Strike
1-2: Ball
2-2: Ball
3-2: Base on Balls
Batting: LHB Glen Kirkendall 0-0: Fly out, F9 (Flyball, 89M, EV 90.6 MPH)
Bottom of the 6th over - 1 run, 2 hits, 0 errors, 2 left on base; Philadelphia 4 - Cincinnati 6
TOP OF THE 7TH
Philadelphia Phillies batting - Pitching for Cincinnati Reds : RHP Stu Tindall
Pitching: LHP Briggs Bolin
Now in CF: Ben Howell
Batting: RHB Kayden Rainwater 0-0: Fly out, F7 (Flyball, 78D, EV 93.8 MPH)
Batting: RHB Liam Lyons 0-0: Ball
1-0: Called Strike
1-1: Ball
2-1: Foul Ball, location: 9LSF
2-2: Strikes out swinging
Batting: RHB Kyle Negulescu 0-0: Ball
1-0: Ball
2-0: Ball
3-0: Base on Balls
Batting: RHB Marc Simms 0-0: Ball
1-0: DOUBLE (Line Drive, 7LD, EV 99.4 MPH)
Kyle Negulescu to third
Runner from 3rd tries for Home, SAFE, no throw by LF
Batting: RHB Josiah Mandel 0-0: Ball
1-0: Swinging Strike
1-1: Ball
2-1: Ground out 5-3 (Groundball, 56, EV 85.6 MPH)
Top of the 7th over - 1 run, 1 hit, 0 errors, 1 left on base; Philadelphia 5 - Cincinnati 6
BOTTOM OF THE 7TH
Cincinnati Reds batting - Pitching for Philadelphia Phillies : LHP Sean White
Pitching: RHP Rodrigo Rodríguez
Batting: RHB Ollie Millner 0-0: Called Strike
0-1: Ball
1-1: Called Strike
1-2: Ball
2-2: Ball
3-2: Strikes out looking
Batting: RHB Pierre Johnson 0-0: Foul Ball, location: 3SF
0-1: Fly out, F7 (Flyball, 78M, EV 86.9 MPH)
Batting: RHB D.J. Alloway 0-0: Ball
1-0: Ball
2-0: Called Strike
2-1: Fly out, F9 (Flyball, 9S, EV 84.4 MPH)
Bottom of the 7th over - 0 runs, 0 hits, 0 errors, 0 left on base; Philadelphia 5 - Cincinnati 6
TOP OF THE 8TH
Philadelphia Phillies batting - Pitching for Cincinnati Reds : LHP Briggs Bolin
Batting: LHB Noah Powell 0-0: Ground out 6-3 (Groundball, 6M, EV 104.4 MPH)
Batting: RHB Ariel Fernández 0-0: Foul Ball, location: 5FF
0-1: Ball
1-1: Fly out, F7 (Flyball, 7, EV 87.5 MPH)
Pinch Hitting: RHB Justin Morgan 0-0: Ball
1-0: Ball
2-0: Called Strike
2-1: Ground out 6-3 (Groundball, 56, EV 88.8 MPH)
Top of the 8th over - 0 runs, 0 hits, 0 errors, 0 left on base; Philadelphia 5 - Cincinnati 6
BOTTOM OF THE 8TH
Cincinnati Reds batting - Pitching for Philadelphia Phillies : RHP Rodrigo Rodríguez
Now in RF: Colt Agner
Batting: RHB Ethan Hicks 0-0: Ball
1-0: Called Strike
1-1: Foul Ball, location: 5FF
1-2: Ball
2-2: Foul Ball, location: 9LMF
2-2: Strikes out looking
Batting: RHB Coty Cavett 0-0: Ball
1-0: Ball
2-0: Swinging Strike
2-1: Ball
3-1: Foul Ball, location: 3F
3-2: Base on Balls
Pitching: RHP Alonzo Panico
Batting: RHB Ben Howell 0-0: Ball
1-0: Swinging Strike
1-1: Foul Ball, location: 2RF
1-2: DOUBLE (Line Drive, 7LM, EV 97.5 MPH)
Coty Cavett to third
Runner from 3rd tries for Home, SAFE, throw by LF to trailing runner, OUT at third! 7-3-5
Batting: RHB José Maria Andres 0-0: SINGLE (Groundball, 34D, EV 108.1 MPH)
Batting: SHB D.J. Boucher 0-0: Ball
1-0: Called Strike
1-1: Ball
2-1: Ball
3-1: Foul Ball, location: 25FF
3-2: Foul Ball, location: 7LSF
3-2: SINGLE (Groundball, 56D, EV 99.4 MPH)
José Maria Andres to second
José Maria Andres to third
Batting: LHB Glen Kirkendall 0-0: Foul Ball, location: 2F
0-1: Foul Ball, location: 5F
0-2: Strikes out swinging
Bottom of the 8th over - 1 run, 3 hits, 0 errors, 2 left on base; Philadelphia 5 - Cincinnati 7
TOP OF THE 9TH
Philadelphia Phillies batting - Pitching for Cincinnati Reds : LHP Briggs Bolin
Pitching: RHP Andrés Velasco
Batting: LHB George Copa 0-0: Swinging Strike
0-1: Swinging Strike
0-2: Ball
1-2: Strikes out swinging
Batting: RHB Kayden Rainwater 0-0: Ball
1-0: Ball
2-0: SINGLE (Line Drive, 8RS, EV 93.8 MPH)
Batting: RHB Liam Lyons 0-0: Called Strike
0-1: Fielders Choice at 2nd, 6-4 (Groundball, 6, EV 100.0 MPH)
Batting: RHB Kyle Negulescu 0-0: Ball
1-0: Foul Ball, location: 3DF
1-1: Foul Ball, location: 3F
1-2: Ball
2-2: Strikes out swinging
Top of the 9th over - 0 runs, 1 hit, 0 errors, 1 left on base; Philadelphia 5 - Cincinnati 7
Sunday, April 21st , 2024 - OOTP Baseball 24.11 Build 85